 Dungeon Crawl Stone Soup version 0.19.1-1-g22dce08 (webtiles) character file.

3006 godfroggy the Basher (level 9, 0/75 HPs)
             Began as a Minotaur Monk on Jan 6, 2017.
             Was a Priest of Nemelex Xobeh.
             Killed from afar by a hell hound (17 damage)
             ... with a blast of flame
             ... on level 9 of the Dungeon.
             The game lasted 00:41:23 (6880 turns).

godfroggy the Basher (Minotaur Monk)                Turns: 6880, Time: 00:41:28

Health: 0/75       AC: 10    Str: 16    XL:     9   Next: 54%
Magic:  12/12      EV: 15    Int:  7    God:    Nemelex Xobeh [***...]
Gold:   520        SH:  0    Dex: 16    Spells: 0 memorised, 8 levels left

rFire  . . .     SeeInvis .     u - +1 whip
rCold  + . .     Gourm    .     q - +1 leather armour {rN+}
rNeg   + . .     Faith    .     (no shield)
rPois  .         Spirit   .     (helmet restricted)
rElec  .         Reflect  .     (no cloak)
rCorr  .         Harm     .     r - +1 pair of gloves
MR     .....                    B - +0 pair of boots
Stlth  ++........               j - amulet of regeneration
                                A - ring of protection from cold
                                n - +3 ring of protection

@: lethally poisoned (0 -> 0)
A: retaliatory headbutt, horns 2
a: Triple Draw, Renounce Religion


You were on level 9 of the Dungeon.
You worshipped Nemelex Xobeh.
Nemelex Xobeh was most pleased with you.
You were not hungry.

You visited 2 branches of the dungeon, and saw 10 of its levels.
You also visited: Sewer.

You collected 520 gold pieces.

Inventory:

Hand Weapons
 a - a +0 mace
 u - a +1 whip (weapon)
Armour
 b - a +0 robe
 e - a +0 chain mail
 o - a +0 plate armour
 q - a +1 leather armour of positive energy (worn)
 r - a +1 pair of gloves (worn)
 w - a +2 robe of fire resistance
 B - a +0 pair of boots (worn)
 O - a +0 troll leather armour {Purgy}
Jewellery
 g - an uncursed ring of flight
 j - an amulet of regeneration (around neck)
 n - a +3 ring of protection (left hand)
 p - an uncursed ring of positive energy
 A - a ring of protection from cold (right hand)
 G - an uncursed ring of teleportation
 L - an uncursed amulet of magic regeneration
Wands
 v - a wand of polymorph (5/24)
 D - a wand of slowing (14/48)
 E - a wand of lightning (7/15)
 M - a wand of random effects (8/48)
Scrolls
 i - 2 scrolls of remove curse
 k - 2 scrolls of teleportation
 t - a scroll of amnesia
 H - a scroll of identify
 K - a scroll of recharging {unknown}
 P - a scroll of blinking {unknown}
Potions
 f - a potion of heal wounds
 h - 2 potions of flight
 l - 3 potions of lignification
 m - 2 potions of agility
 s - a potion of mutation {unknown}
 x - a potion of cancellation {unknown}
 C - 2 potions of curing {unknown}
 I - 2 potions of degeneration {unknown}
 R - a potion of might {unknown}
Books
 F - a book of Geomancy

   Spells                             Type                      Level
   a - Sandblast                      Earth                        1
   b - Passwall                       Transmutation/Earth          2
   c - Stone Arrow                    Conjuration/Earth            3
   d - Petrify                        Transmutation/Earth          4
   e - Lee's Rapid Deconstruction     Earth                        5
Miscellaneous
 J - a plain deck of destruction {drawn: 8}
Comestibles
 c - 7 bread rations
 d - a beef jerky
 z - a slice of pizza
 Q - 4 fruits


   Skills:
 + Level 6.2 Fighting
 * Level 9.1 Maces & Flails
 + Level 3.4 Armour
 + Level 5.7 Dodging
 - Level 1.5 Stealth
 + Level 6.3 Invocations
 - Level 5.6 Evocations


You had 8 spell levels left.
You didn't know any spells.

Dungeon Overview and Level Annotations

Branches:
Dungeon (9/15)             Temple (1/1) D:5            Lair (0/6) D:9
    Orc: D:9-12

Altars:
Dithmenos
Elyvilon
Fedhas
Gozag
Hepliaklqana
Kikubaaqudgha
Makhleb
Nemelex Xobeh
Okawaru
Qazlal
Ru
Sif Muna
Uskayaw
Vehumet
Yredelemnul
Zin
The Shining One

Annotations:
D:8 exclusion: statue, Maurice


Innate Abilities, Weirdness & Mutations

You reflexively headbutt those who attack you in melee.
You have a pair of horns on your head.


Message History

The hell hound is moderately wounded.
You feel sick. The hell hound closely misses you.
You hit the hell hound. You headbutt the hell hound.
The hell hound is heavily wounded.
The hell hound completely misses you. You furiously retaliate!
You headbutt the hell hound, but do no damage.
You barely miss the hell hound. You headbutt the hell hound!
The hell hound is almost dead.
You feel sick. The hell hound bites you.
* * * LOW HITPOINT WARNING * * *
You miss the hell hound.
The hell hound is almost dead.
The hell hound barely misses you.
You hit the hell hound.
The hell hound is almost dead.
You feel sick. The hell hound breathes flames at you.
The blast of flame hits you!
You die...
Your body disappears without a glow.

§≈≈. .#. #.### .≈§hh
.. ....###
.≈≈§>≈≈≈..#.##......
.§≈§≈.≈≈..h.#....#
.§§≈≈≈.≈..##.....#
.≈≈≈y!y...#h..##
...§...#h##h## #..##
#.##h# #..####.##@#
.##.##..h....##'#
o.......######...
###.##### .....
....... .........
+.........+
#.........#


You could see a hell hound and 2 jackals.

Vanquished Creatures
  A hippogriff (D:7)
  Sigmund (D:3)
  A sky beast (D:7)
  2 orc warriors
  A phantom (D:7)
  Purgy (Sewer)
  6 ogres
  A centaur (D:7)
  2 bullfrogs (D:6)
  6 killer bees
  2 howler monkeys
  2 crimson imps (D:7)
  A centaur zombie (D:5)
  5 hounds
  4 orc wizards
  2 orc priests
  A jelly (D:5)
  3 worker ants
  A hound zombie (D:6)
  A worker ant zombie (D:7)
  A gnoll (D:6)
  A howler monkey skeleton (D:7)
  18 adders
  2 shadow imps
  2 oozes
  3 worms (D:2)
  4 adder skeletons
  2 adder zombies
  4 dart slugs
  6 leopard geckos
  14 orcs
  12 bats
  13 giant cockroaches
  8 hobgoblins
  6 jackals
  10 kobolds
  2 quokkas
  3 ball pythons
  A ball python skeleton (D:5)
  7 frilled lizards
  9 goblins
  A goblin skeleton (D:7)
  A goblin zombie (D:7)
  4 hobgoblin zombies (D:7)
  2 orc zombies (D:7)
  4 quokka skeletons
  9 rats
193 creatures vanquished.

Vanquished Creatures (collateral kills)
  2 hungry ghosts
  An orc wizard (D:6)
  A worker ant (D:5)
  A killer bee zombie (D:6)
  3 gnolls (D:6)
  2 orcs
  A quokka (D:7)
  A hobgoblin zombie (D:7)
12 creatures vanquished.

Grand Total: 205 creatures vanquished

Notes
Turn   | Place    | Note
-------+----------+-------------------------------------------
     0 | D:1      | godfroggy the Minotaur Monk began the quest for the Orb.
     0 | D:1      | Reached XP level 1. HP: 19/19 MP: 0/0
    73 | D:1      | Reached skill level 4 in Maces & Flails
   182 | D:1      | Reached XP level 2. HP: 26/26 MP: 1/1
   319 | D:1      | Reached skill level 5 in Maces & Flails
   324 | D:1      | Reached XP level 3. HP: 28/31 MP: 2/2
   919 | D:2      | Reached XP level 4. HP: 29/39 MP: 3/3
  1006 | D:2      | Reached skill level 6 in Maces & Flails
  1733 | D:3      | Reached XP level 5. HP: 45/45 MP: 4/4
  1739 | D:3      | Reached skill level 7 in Maces & Flails
  1934 | D:3      | Noticed Sigmund
  2334 | D:3      | Killed Sigmund
  2334 | D:3      | Reached skill level 8 in Maces & Flails
  2334 | D:3      | Reached XP level 6. HP: 51/51 MP: 5/5
  2461 | D:4      | Found a deep blue altar of Sif Muna.
  2466 | D:4      | Found a faded altar of an unknown god.
  2469 | D:4      | Found a sacrificial altar of Ru.
  2486 | D:4      | Found a faded altar of an unknown god.
  2488 | D:4      | Found a faded altar of an unknown god.
  2491 | D:4      | Found a faded altar of an unknown god.
  2585 | D:4      | Reached XP level 7. HP: 60/60 MP: 6/6
  2645 | D:4      | Reached skill level 1 in Armour
  2870 | D:4      | Reached skill level 5 in Fighting
  3419 | D:5      | Entered Level 5 of the Dungeon
  3481 | D:5      | Reached skill level 5 in Dodging
  3566 | D:5      | Found a staircase to the Ecumenical Temple.
  3571 | Temple   | Entered the Ecumenical Temple
  3620 | Temple   | Became a worshipper of Nemelex Xobeh the Trickster
  3620 | Temple   | Received a gift from Nemelex Xobeh
  3620 | Temple   | Reached * piety under Nemelex Xobeh
  3620 | Temple   | Reached ** piety under Nemelex Xobeh
  4012 | D:5      | Reached skill level 1 in Invocations
  4012 | D:5      | Reached skill level 1 in Evocations
  4012 | D:5      | Reached XP level 8. HP: 52/70 MP: 6/8
  4023 | D:5      | Received a gift from Nemelex Xobeh
  4319 | D:6      | Noticed a rust devil
  4328 | D:6      | Found a blossoming altar of Fedhas.
  4466 | D:6      | Found a glowing drain.
  4470 | Sewer    | Entered a sewer
  4482 | Sewer    | Noticed theAP's ghost (amateur GrFi)
  4560 | Sewer    | Noticed Purgy
  4569 | Sewer    | Killed Purgy
  4864 | D:6      | Found a hazy altar of Hepliaklqana.
  5541 | D:7      | Reached *** piety under Nemelex Xobeh
  5874 | D:7      | Reached skill level 5 in Invocations
  5903 | D:7      | Found a hide-covered altar of Uskayaw.
  6055 | D:7      | Found a glowing golden altar of the Shining One.
  6096 | D:7      | Reached XP level 9. HP: 72/75 MP: 11/11
  6124 | D:7      | Reached skill level 5 in Evocations
  6781 | D:8      | Reached skill level 9 in Maces & Flails
  6797 | D:8      | Found a radiant altar of Vehumet.
  6822 | D:8      | Noticed Maurice
  6860 | D:9      | Found a staircase to the Lair.
  6880 | D:9      | Killed from afar by a hell hound

Skill      XL: |  1  2  3  4  5  6  7  8  9 |
---------------+----------------------------+-----
Maces & Flails | 4 5 6 8 9 |  9.1
Fighting       | 4 5 6 |  6.2
Dodging        | 4 5 |  5.7
Armour         | 2 3 |  3.4
Invocations    | 1 5 6 |  6.3
Evocations     | 1 4 5 |  5.6
Stealth        | |  1.5

Action                   |  1- 3 |  4- 6 |  7- 9 || total
-------------------------+-------+-------+-------++-------
Melee: Mace              |   101 |    90 |       ||   191
       Headbutt          |    11 |    29 |    99 ||   139
       Whip              |       |    63 |   434 ||   497
       Unarmed           |       |     7 |       ||     7
Invok: Triple Draw       |       |       |     1 ||     1
Evoke: Deck              |       |       |    13 ||    13
  Use: Scroll            |     9 |     2 |     8 ||    19
       Potion            |       |       |     2 ||     2
 Stab: Sleeping          |     2 |     4 |     4 ||    10
       Petrified         |       |       |     3 ||     3
       Distracted        |       |       |     1 ||     1
  Eat: Chunk             |       |     6 |     9 ||    15
       Bread ration      |       |       |     1 ||     1
Armor: Robe              |     4 |       |       ||     4
       Chain mail        |    31 |       |       ||    31
       Leather armour    |     3 |    35 |    73 ||   111
       Plate armour      |     3 |       |       ||     3
Dodge: Dodged            |    51 |   102 |   279 ||   432
